 Dungeon Crawl Stone Soup version 0.31.0-11-ge490571c62 (webtiles) character file.

Game seed: 17220762116803158765

2088 browni3141 the Conjurer (level 9, 59/59 HPs)
             Began as a Demonspawn Conjurer on Jan 30, 2024.
             Got out of the dungeon alive.
             The game lasted 00:09:12 (6470 turns).

browni3141 the Conjurer (Demonspawn Conjurer)       Turns: 6470, Time: 00:09:13

Health: 59/59      AC:  5    Str: 14    XL:     9   Next: 6%
Magic:  14/14      EV: 11    Int: 23    God:
Gold:   298        SH:  0    Dex: 11    Spells: 9/15 levels left

rFire   . . .        w - +2 rapier (drain)
rCold   . . .        k - orb {*channel}
rNeg    . . .        p - +0 ring mail
rPois   +            (helmet restricted)
rElec   .            (no cloak)
rCorr   .            (no gloves)
SInv    .            (no boots)
Will    .....        (no amulet)
Stlth   ++           n - +6 ring of strength
HPRegen 0.29/turn    B - ring of poison resistance
MPRegen 0.14/turn

%: channel magic (20%)
@: no status effects
A: antennae 2, hooves 1, powered by death 1, spiny 1
a: no special abilities


You escaped.
You visited 1 branch of the dungeon, and saw 6 of its levels.

You collected 298 gold pieces.

Inventory:

Hand Weapons
 d - a +0 dagger
 u - a +2 mace of draining
 w - a +2 rapier of draining (weapon)
Missiles
 q - 6 javelins
 t - 3 throwing nets
 v - 2 boomerangs
Armour
 a - a +0 robe
 k - an orb of energy (worn)
 l - a +3 chain mail
 p - a +0 ring mail (worn)
Jewellery
 n - a +6 ring of strength (left hand)
 B - a ring of poison resistance (right hand)
Wands
 r - a wand of digging (3)
Scrolls
 e - 3 scrolls of immolation {unknown}
 g - a scroll of enchant armour {unknown}
 j - 2 scrolls of fear {unknown}
 m - a scroll of blinking {unknown}
 y - 2 scrolls of identify {unknown}
 z - a scroll of teleportation {unknown}
 C - a scroll of fog {unknown}
 E - a scroll of torment {unknown}
 F - 2 scrolls of amnesia {unknown}
Potions
 b - 2 potions of magic
 c - 4 potions of might {unknown}
 f - 3 potions of haste {unknown}
 h - 3 potions of curing {unknown}
 i - a potion of lignification {unknown}
 o - 3 potions of degeneration {unknown}
 s - a potion of invisibility {unknown}
 x - 2 potions of cancellation {unknown}
 A - a potion of mutation {unknown}
 D - a potion of heal wounds {unknown}
 G - 2 potions of resistance {unknown}


   Skills:
 - Level 1.0 Fighting
 - Level 5.0 Short Blades
 - Level 3.0 Armour
 - Level 2.0 Dodging
 - Level 5.0 Stealth
 + Level 3.5 Spellcasting
 * Level 6.7 Conjurations
 - Level 5.0 Earth Magic


You had 9 spell levels left.
You knew the following spells:

 Your Spells              Type           Power      Damage    Failure   Level
a - Magic Dart            Conj           100%       1d8       6%          1
b - Searing Ray           Conj           70%        2d7       8%          2
c - Stone Arrow           Conj/Erth      62%        3d10      17%         3

Your spell library contained the following spells:

 Spells                   Type           Power      Damage    Failure   Level
 Flame Wave               Conj/Fire      19%        2d7       71%         4
 Fulminant Prism          Conj/Alch      9%         3d7       71%         4
 Iskenderun's Mystic Bla  Conj/Tloc      19%        2d6       71%         4
 Inner Flame              Hex/Fire       4%         N/A       75%         3
 Animate Armour           Summ/Erth      30%        N/A       80%         4
 Sticky Flame             Fire/Alch      4%         2d4       98%         4
 Lehudib's Crystal Spear  Conj/Erth      15%        10d5      100%        8


Dungeon Overview and Level Annotations

Branches:
Dungeon (6/15)
 Temple: D:4-7

Altars:
Hepliaklqana

Shops:
D:1 (   D:4 :

Annotations:
D:6 1 runed translucent door, exclusion: door, Driedwater's ghost, amateur DjCj


Innate Abilities, Weirdness & Mutations

You have a pair of antennae on your head.
You have large cloven feet.
You regenerate a little health from kills.
You are partially covered in sharp spines.


Message History

A scorpion is nearby!
A scorpion is nearby!
The magic dart hits the scorpion but does no damage.
The magic dart hits the scorpion.
The scorpion is moderately wounded.
The magic dart hits the scorpion.
The scorpion is severely wounded.
The magic dart hits the scorpion.
The scorpion is almost dead.
The scorpion is struck by your spines.
You kill the scorpion!
No target in view!
No target in view!
You see here a scorpion corpse.
Found a stone staircase leading up.
Menkaure, Prince of Dust comes into view.
Found a whip.
Found an escape hatch in the floor.
Menkaure shouts!
Menkaure blazes with dark energy!
Menkaure is nearby!
Menkaure is nearby!
The magic dart hits Menkaure.
Menkaure is lightly damaged.
Magical energy flows into your mind!
Menkaure casts a spell.
Menkaure seems to speed up.
The magic dart hits Menkaure.
Menkaure is moderately damaged.
Menkaure grins.
The magic dart hits Menkaure.
Menkaure is heavily damaged.
Casting: Magic Dart (safe; 8% risk of failure)
Confirm with . or Enter, or press ? or * to list all spells.
Aiming: Searing Ray (safe; 11% risk of failure)
Press: ? - help, Shift-Dir - straight line, f/p - Menkaure
Aim: Menkaure (heavily damaged, fast, 90% to hit)
Okay, then.
Casting: Searing Ray (safe; 11% risk of failure)
Confirm with . or Enter, or press ? or * to list all spells.
Aiming: Stone Arrow (dangerous; 21% risk of failure)
Press: ? - help, Shift-Dir - straight line, f/p - Menkaure
Aim: Menkaure (heavily damaged, fast, 86% to hit)
The stone arrow hits Menkaure!
Menkaure is almost destroyed.
A black bear comes into view.
Casting: Stone Arrow (dangerous; 21% risk of failure)
Confirm with . or Enter, or press ? or * to list all spells.
Aiming: Stone Arrow (dangerous; 21% risk of failure)
Press: ? - help, Shift-Dir - straight line, f/p - Menkaure
Aim: Menkaure (almost destroyed, fast, 86% to hit)
The stone arrow hits Menkaure!!
You destroy Menkaure!
You have reached level 9!
Your experience leads to an increase in your attributes!
Your base attributes are Str 8, Int 21, Dex 11.
Increase (S)trength, (I)ntelligence, or (D)exterity?
You feel clever. x2; Your demonic ancestry asserts itself...
Your feet thicken and deform.
Unknown command.
The black bear bites you.
The black bear claws you but does no damage.
The black bear closely misses you.
You hit the black bear. You drain the black bear. You kick the black bear.
The black bear is moderately wounded.
The black bear is struck by your spines.
The black bear bites you. The black bear barely misses you.
The black bear claws you.
You completely miss the black bear. Your kick misses the black bear.
The black bear is heavily wounded.
The black bear is struck by your spines.
The black bear closely misses you. x2
The black bear claws you but does no damage.
You hit the black bear. You drain the black bear.
Your kick misses the black bear.
The black bear is almost dead.
The black bear is struck by your spines.
You kill the black bear!
No target in view!
No target in view!
What level of the Dungeon? (default 5, ? - help)
There is a stone staircase leading up here.
You climb upwards.
There is a stone staircase leading down here.
HP restored.
There is a stone staircase leading up here.
You climb upwards.
There is a stone staircase leading down here.
There is a stone staircase leading up here.
You climb upwards.
There is a stone staircase leading down here.
There is a stone staircase leading up here.
You climb upwards.
There is a stone staircase leading down here.
Magic restored.
There is a stone staircase leading up here.
You climb upwards.
There is a stone staircase leading down here.
There is an open door here.
There is a staircase leading out of the dungeon here.
You have escaped!

##### ######.@.######
###.............###
####.................###
#..'.................'.##
#.##.................#..#
###.####.............####.#
#...# ###.........### #.#
#.### ###.....### #.# #.#
###.........### #.#


There were no monsters in sight!

Vanquished Creatures
  Menkaure (D:6)
  A water moccasin (D:6)
  3 ice beasts
  2 black bears
  A sky beast (D:6)
  2 centaurs
  An ogre (D:5)
  A phantom (D:4)
  Blork the orc (D:5)
  A bullfrog (D:6)
  4 scorpions
  A howler monkey (D:5)
  2 hounds
  3 jellies
  An orc priest (D:4)
  3 iguanas
  2 sleepcaps
  2 orc wizards
  3 gnolls (D:3)
  9 adders
  A shadow imp (D:5)
  An ufetubus (D:6)
  A ribbon worm (D:2)
  4 dart slugs
  12 orcs
  9 bats
  7 endoplasms
  9 giant cockroaches
  4 goblins
  10 hobgoblins
  2 jackals (D:1)
  4 quokkas
  7 ball pythons
  5 frilled lizards
  8 kobolds
  14 rats
142 creatures vanquished.

Notes
Turn   | Place    | Note
-------+----------+-------------------------------------------
     0 | D:1      | browni3141 the Demonspawn Conjurer began the quest for the
                  | Orb.
     0 | D:1      | Reached XP level 1. HP: 13/13 MP: 3/3
   210 | D:1      | Gained mutation: You regenerate a little health from kills.
                  | [demonic ancestry]
   210 | D:1      | Reached XP level 2. HP: 19/19 MP: 3/5
   249 | D:1      | Learned a level 2 spell: Searing Ray
   436 | D:1      | Reached skill level 1 in Fighting
   556 | D:1      | Reached XP level 3. HP: 22/26 MP: 3/6
   683 | D:1      | Found Ezieront's Antique Weapon Shoppe.
  1435 | D:2      | Reached skill level 5 in Conjurations
  1435 | D:2      | Discovered your monstrous ancestry.
  1435 | D:2      | Gained mutation: You have a pair of small antennae on your
                  | head. [demonic ancestry]
  1435 | D:2      | Reached XP level 4. HP: 20/32 MP: 1/7
  1931 | D:2      | Learned a level 3 spell: Stone Arrow
  2802 | D:3      | Found a faded altar of an unknown god.
  3179 | D:3      | Reached skill level 1 in Earth Magic
  3179 | D:3      | Reached XP level 5. HP: 20/37 MP: 3/8
  3398 | D:4      | Noticed a black bear
  3410 | D:4      | Killed a black bear
  3411 | D:4      | Reached skill level 1 in Armour
  3508 | D:4      | Gained mutation: You are partially covered in sharp spines.
                  | [demonic ancestry]
  3508 | D:4      | Reached XP level 6. HP: 42/43 MP: 1/10
  3776 | D:4      | Noticed an ice beast
  3783 | D:4      | Killed an ice beast
  3784 | D:4      | Reached skill level 6 in Conjurations
  3784 | D:4      | Gained mutation: You have a pair of antennae on your head.
                  | [demonic ancestry]
  3784 | D:4      | Reached XP level 7. HP: 41/48 MP: 2/11
  4092 | D:4      | Found Poxyv's Tremendous Tomes.
  4470 | D:4      | Found a hazy altar of Hepliaklqana.
  4748 | D:5      | Entered Level 5 of the Dungeon
  4984 | D:5      | Noticed Blork the orc
  4991 | D:5      | Killed Blork the orc
  5028 | D:5      | Reached skill level 5 in Earth Magic
  5028 | D:5      | Reached skill level 1 in Short Blades
  5118 | D:5      | Reached XP level 8. HP: 45/54 MP: 12/12
  6010 | D:6      | Reached skill level 5 in Short Blades
  6179 | D:6      | Reached skill level 5 in Stealth
  6264 | D:6      | Found a runed translucent door.
  6264 | D:6      | Noticed Driedwater's ghost (amateur DjCj)
  6355 | D:6      | Noticed Menkaure
  6360 | D:6      | Killed Menkaure
  6361 | D:6      | Gained mutation: You have large cloven feet. [demonic
                  | ancestry]
  6361 | D:6      | Reached XP level 9. HP: 59/59 MP: 4/14
  6470 | D:$      | Got out of the dungeon alive.

Illustrated notes

Levels and vault maps discovered:
D:1:      nzn_arrival_depleted_hourglass, layout_rooms, serial_shops, shop,
          st_stairs_11, minmay_worlds_worst_comb
D:2:      layout_loops_ring, minmay_fractal_squares_5
D:3:      layout_loops_ring, ebering_ecumenical_altar_mist, nrook_mini_vaults
D:4:      layout_basic, worldfamousw_hep_ancestral_shrine, serial_forest,
          infiniplex_forest_clump_curved, infiniplex_forest_join,
          infiniplex_forest_split, infiniplex_forest_diagonal,
          infiniplex_forest_clump_medium, infiniplex_forest_clump_large,
          infiniplex_forest_zigzag_1, grunt_decor_one_mirror,
          minmay_misc_feat_nine_boxes, nicolae_kite_square_tiling_tiny,
          nicolae_shop_i_like_big_books, minmay_checkerbox
D:5:      layout_loops_ring, minmay_crystal_water, uniq_blork_the_orc
D:6:      layout_basic, ebering_ghost_sewer_f,
          minmay_fractal_squares_diagonal_5, uniq_menkaure, uniq_pikel,
          uniq_jeremiah, uniq_sigmund

Skill      XL: |  1  2  3  4  5  6  7  8 |
---------------+-------------------------+-----
Stealth        | 2 3 5 |  5.0
Dodging        | 2 |  2.0
Fighting       | 1 |  1.0
Conjurations   | 5 6 |  6.7
Earth Magic    | 1 2 5 |  5.0
Armour         | 1 2 3 |  3.0
Spellcasting   | 3 |  3.5
Short Blades   | 1 5 |  5.0

Action                     |  1- 3 |  4- 6 |  7- 9 || total
---------------------------+-------+-------+-------++-------
  Melee: Unarmed           |    21 |       |       ||    21
         Dagger            |    82 |    17 |       ||    99
         Punch             |     2 |       |       ||     2
         Mace              |       |    14 |     1 ||    15
         Rapier            |       |       |    44 ||    44
         Kick              |       |       |     1 ||     1
   Cast: Magic Dart        |    76 |    82 |    89 ||   247
         Searing Ray       |     1 |     8 |    10 ||    19
         Stone Arrow       |       |       |     4 ||     4
   Stab: Sleeping          |       |     1 |       ||     1
 Armour: Robe              |    66 |    11 |       ||    77
         Ring mail         |       |    38 |    49 ||    87
  Dodge: Dodged            |    60 |    31 |    44 ||   135
